 Dungeon Crawl Stone Soup version 0.29.1-1-gd02db6906a (webtiles) character file.

Game seed: 10371348237611954719

44 Godmorgon the Gusty (level 3, -3/19 HPs)
             Began as a Tengu Air Elementalist on Oct 15, 2022.
             Slain by a worm (7 damage)
             ... on level 2 of the Dungeon.
             The game lasted 00:04:56 (2076 turns).

Godmorgon the Gusty (Tengu Air Elementalist)        Turns: 2076, Time: 00:04:57

Health: -3/19      AC:  3    Str: 14    XL:     3   Next: 60%
Magic:  4/7        EV: 13    Int: 17    God:
Gold:   116        SH:  0    Dex: 20    Spells: 3/6 levels left

rFire   . . .      SeeInvis .   a - +1 short sword (speed)
rCold   . . .      Faith    .   (no shield)
rNeg    . . .      Spirit   .   d - +0 robe
rPois   .          Reflect  .   (helmet restricted)
rElec   .          Harm     .   (no cloak)
rCorr   .          Rampage  .   f - +0 pair of gloves
Will    .....                   (boots unavailable)
Stlth   ++........              o - amulet of magic regeneration
HPRegen 0.06/turn               i - +6 ring of strength
MPRegen 0.50/turn               l - +6 ring of dexterity

@: no status effects
A: beak, talons 3
a: no special abilities


You were on level 2 of the Dungeon.
You visited 1 branch of the dungeon, and saw 2 of its levels.

You collected 116 gold pieces.

Inventory:

Hand Weapons
 a - a +1 short sword of speed (weapon)
Missiles
 g - 5 poisoned darts
Armour
 d - a +0 robe (worn)
 f - a +0 pair of gloves (worn)
Jewellery
 i - a +6 ring of strength (left hand)
 l - a +6 ring of dexterity (right hand)
 o - an amulet of magic regeneration (around neck)
Scrolls
 e - 4 scrolls of identify {unknown}
 j - a scroll of enchant armour {unknown}
 k - a scroll of immolation {unknown}
Potions
 b - a potion of magic
 c - a potion of resistance {unknown}
 h - a potion of curing {unknown}
 m - a potion of heal wounds {unknown}
 n - a potion of degeneration {unknown}
 p - 2 potions of ambrosia {unknown}


   Skills:
 - Level 2.1 Dodging
 - Level 2.0 Stealth
 + Level 2.4 Spellcasting
 + Level 2.4 Conjurations
 * Level 5.1 Air Magic


You had 3 spell levels left.
You knew the following spells:

 Your Spells              Type           Power      Damage    Failure   Level
d - Static Discharge      Conj/Air       15%        3-5/arc   6%          2
s - Shock                 Conj/Air       60%        1d6       3%          1

Your spell library contained the following spells:

 Spells                   Type           Power      Damage    Failure   Level
 Swiftness                Air            19%        N/A       7%          3
 Airstrike                Air            9%         2d(2-18)  22%         4
 Summon Forest            Summ/Tloc      1%         N/A       99%         5
 Summon Mana Viper        Hex/Summ       2%         N/A       99%         5
 Summon Cactus Giant      Summ           1%         N/A       100%        6


Dungeon Overview and Level Annotations

Branches:
Dungeon (2/15)

Altars:
Gozag


Innate Abilities, Weirdness & Mutations

You have a beak for a mouth.
You have claws for feet.


Message History

The hobgoblin shouts!
Casting: Static Discharge (safe; 6% risk of failure)
Confirm with . or Enter, or press ? or * to list all spells.
The hobgoblin is struck by an arc of lightning!
You kill the hobgoblin!
You are struck by an arc of lightning.
The kobold is struck by an arc of lightning.
You kill the kobold!
The lightning grounds out.
You now have 116 gold pieces (gained 14).
e - 4 scrolls labelled BUOSUOR AFRUCS (gained 1)
Your magical contamination has completely faded away.
You see here a +0 club.
Things that are here:
a +0 dagger; a kobold corpse
There is an open door here.
You see here a +0 whip.
A worm is nearby!
Found 2 glowing red potions and a robe.
Found an opulent altar of Gozag.
Found a robe.
Press: ? - help, v - describe, . - travel The floor.
The worm bites you!
Ouch! That really hurt!
Casting: Static Discharge (safe; 6% risk of failure)
Confirm with . or Enter, or press ? or * to list all spells.
The worm is struck by an arc of lightning.
The worm is moderately wounded.
You are struck by an arc of lightning.
The lightning grounds out.
Casting: Static Discharge (safe; 6% risk of failure)
Confirm with . or Enter, or press ? or * to list all spells.
The worm is struck by an arc of lightning.
The worm is heavily wounded.
You are struck by an arc of lightning.
The worm is struck by an arc of lightning.
The worm is almost dead.
You are struck by an arc of lightning.
* * * LOW HITPOINT WARNING * * *
The lightning grounds out.
The worm bites you!
You die...

#.... .# #.### ..#
... # #+#+
.##!.....# # .....
.....###. #
...#####.##.# # ##
...#...##.# #.# #.
##.....##.###..#...
#w@.....#........##
#.....#...## #.##
#..........###..#
#.....#..#...##.#
#.....#..###.##.#
#........# #.##.###
#........# #.......
##..._...# ######..
##.....## ##.


You could see a worm.

Vanquished Creatures
  2 adders (D:2)
  4 endoplasms (D:1)
  2 goblins (D:1)
  3 hobgoblins
  5 kobolds
  3 ball pythons
  5 bats
  3 rats
27 creatures vanquished.

Notes
Turn   | Place    | Note
-------+----------+-------------------------------------------
     0 | D:1      | Godmorgon the Tengu Air Elementalist began the quest for
                  | the Orb.
     0 | D:1      | Reached XP level 1. HP: 10/10 MP: 4/4
   308 | D:1      | Reached XP level 2. HP: 10/15 MP: 4/6
   311 | D:1      | Learned a level 2 spell: Static Discharge
  1502 | D:2      | Reached XP level 3. HP: 6/19 MP: 1/7
  1768 | D:2      | Reached skill level 5 in Air Magic
  2067 | D:2      | Found an opulent altar of Gozag.
  2076 | D:2      | Slain by a worm

Illustrated notes

Levels and vault maps discovered:
D:1:      dpeg_arrival_morbid_curiosity, layout_basic
D:2:      minmay_wonky_spiral, layout_rooms, basic_altar,
          minmay_rat_gold_closets

Skill      XL: |  1  2  3 |
---------------+----------+-----
Conjurations   | 2 |  2.4
Air Magic      | 5 |  5.1
Dodging        | |  2.1
Stealth        | |  2.0
Spellcasting   | |  2.4

Action                   || total
-------------------------++-------
Melee: Whip              ||     9
       Mace              ||     2
       Kick              ||     1
 Cast: Shock             ||    11
       Static Discharge  ||    19
 Stab: Sleeping          ||     1
Armor: Robe              ||    11
Dodge: Dodged            ||    13
